 Dungeon Crawl Stone Soup version 0.23-a0-419-g0174fd8 (webtiles) character file.

2429 snha the Stinger (level 9, -2/57 HPs)
             Began as a Mummy Venom Mage on Nov 7, 2018.
             Was a Believer of Kikubaaqudgha.
             Killed from afar by a steam dragon (19 damage)
             ... with a ball of steam
             ... on level 8 of the Dungeon on Nov 14, 2018.
             The game lasted 00:47:59 (10391 turns).

snha the Stinger (Mummy Venom Mage)                Turns: 10391, Time: 00:48:00

Health: -2/57      AC: 10    Str: 13    XL:     9   Next: 24%
Magic:  11/15      EV: 11    Int: 18    God:    Kikubaaqudgha [**....]
Gold:   397        SH:  0    Dex: 12    Spells: 1/16 levels left

rFire    . . .     SeeInvis .   l - +1 dagger (elec)
rCold    + . .     Gourm    .   (no shield)
rNeg     + + +     Faith    .   k - +2 leather armour {rF+}
rPois    ∞         Spirit   .   u - +0 helmet
rElec    .         Reflect  .   v - +2 cloak
rCorr    .         Harm     .   (no gloves)
MR       +....                  x - +0 pair of boots
Stlth    ++........             d - amulet of magic regeneration
HPRegen  0.19/turn              a - +2 ring of strength
MPRegen  0.39/turn              e - ring of stealth

@: very slightly contaminated
A: no food or potions, fire vulnerability, cold resistance 1, negative energy
resistance 3, torment resistance, unbreathing
a: Receive Corpses, Renounce Religion


You were on level 8 of the Dungeon.
You worshipped Kikubaaqudgha.
Kikubaaqudgha was pleased with you.
You were not hungry.

You visited 2 branches of the dungeon, and saw 10 of its levels.

You collected 481 gold pieces.
You spent 84 gold pieces at shops.

Inventory:

Hand Weapons
 c - a +0 dagger
 f - a +1 short sword of protection
 h - a +2 trident of venom
 l - a +1 dagger of electrocution (weapon)
 r - a +0 whip of electrocution
Missiles
 n - 102 arrows
Armour
 k - a +2 leather armour of fire resistance (worn)
 s - a +3 leather armour of positive energy
 u - a +0 helmet (worn)
 v - a +2 cloak (worn)
 w - the +1 ring mail "Earthly Heaven" {Regen+ Int+3 Stlth-, unknown}
   (You found it on level 6 of the Dungeon)

   It affects your intelligence (+3).
   It increases your rate of regeneration.
   It makes you less stealthy.
 x - a +0 pair of boots (worn)
Magical Staves
 t - an uncursed staff of summoning
Jewellery
 a - a +2 ring of strength (left hand)
 d - an amulet of magic regeneration (around neck)
 e - a ring of stealth (right hand)
 y - an uncursed amulet of guardian spirit
Wands
 o - a wand of paralysis (6)
 q - a wand of iceblast (3)
Scrolls
 b - 2 scrolls of fear
 g - a scroll of magic mapping
 i - 6 scrolls of remove curse
 j - 2 scrolls of teleportation
 m - a scroll of amnesia
 p - 2 scrolls of blinking


   Skills:
 - Level 1.5 Dodging
 - Level 1.5 Stealth
 - Level 4.0 Spellcasting
 + Level 7.2 Conjurations
 + Level 7.7 Poison Magic


You had one spell level left.
You knew the following spells:

 Your Spells              Type           Power        Failure   Level  Hunger
a - Poisonous Vapours     Pois/Air       ###...       6%          2    N/A
b - Mephitic Cloud        Conj/Pois/Air  ###.....     8%          3    N/A
c - Olgreb's Toxic Radia  Pois           ####....     8%          4    N/A
d - Animate Skeleton      Necr           N/A          19%         1    N/A
e - Vampiric Draining     Necr           #.........   50%         3    N/A
f - Blink                 Tloc           N/A          28%         2    N/A

Your spell library contained the following spells:

 Spells                   Type           Power        Failure   Level  Hunger
 Magic Dart               Conj           ####         1%          1    N/A
 Sting                    Conj/Pois      ####         1%          1    N/A
 Pain                     Necr           #...         19%         1    N/A
 Conjure Flame            Conj/Fire      ###.....     13%         3    N/A
 Ignite Poison            Fire/Tmut/Pois ##......     21%         3    N/A
 Venom Bolt               Conj/Pois      ####......   24%         5    N/A
 Call Imp                 Summ           #.......     28%         2    N/A
 Corpse Rot               Necr           N/A          28%         2    N/A
 Slow                     Hex            #.......     28%         2    N/A
 Sticks to Snakes         Tmut           #.......     28%         2    N/A
 Alistair's Intoxication  Tmut/Pois      ###.....     71%         5    N/A
 Irradiate                Conj/Tmut      ###.......   75%         5    N/A
 Petrify                  Tmut/Erth      #.......     88%         4    N/A
 Beastly Appendage        Tmut           Unusable     N/A         1    N/A
 Spider Form              Tmut/Pois      Unusable     N/A         3    N/A
 Sublimation of Blood     Necr           Unusable     N/A         2    N/A
 Ice Form                 Ice/Tmut       Unusable     N/A         4    N/A
 Blade Hands              Tmut           Unusable     N/A         5    N/A

Dungeon Overview and Level Annotations

Branches:
Dungeon (9/15)             Temple (1/1) D:7             Orc (0/2) D:9
   Lair: D:8-11

Altars:
Ashenzari
Hepliaklqana
Kikubaaqudgha
Makhleb
Qazlal
Sif Muna
Uskayaw
Wu Jian
Yredelemnul
Zin
The Shining One

Shops:
D:4 *!%([

Annotations:
D:4 3 runed doors, Tef's ghost, weakling VSMo


Innate Abilities, Weirdness & Mutations

You do not eat or drink.
Your flesh is vulnerable to fire.
You are immune to poison.
Your flesh is cold resistant. (rC+)
You are immune to negative energy. (rN+++)
You are immune to unholy pain and torment.
You can survive without breathing.


Message History

The ball of steam hits you! The steam dragon completely misses you.
The steam dragon claws you but does no damage.
Found an escape hatch in the floor.
Evoke which item? (* to show all) (? for menu, Esc to quit)
Aiming: Paralyse
Press: ? - help, Shift-Dir - straight line, f/p - steam dragon
Aim: a steam dragon (moderately wounded, poisoned, chance to defeat MR: 46%)
The steam dragon resists with some effort.
The steam dragon bites you but does no damage.
The steam dragon claws you.
* * * LOW HITPOINT WARNING * * *
Evoke which item? (* to show all) (? for menu, Esc to quit)
Aiming: Iceblast
Press: ? - help, Shift-Dir - straight line, p - steam dragon
Okay, then.
The steam dragon breathes steam at you. The ball of steam hits you!
You die...
Kikubaaqudgha rasps: "You have failed me!
Welcome... oblivion!"

...#.### ##...#######.#
#....Z##.....# .
..###).>.##### #..
....###......# ....
...........#.#######..#
......#.##...§§§§D...#...
......#.#########§.....#
##...##.####....@...####
###.........##>..###
###..Z..##.. ...###
....##..# .##### ####
#..##.# .#####.....#
...##.%#..##
..........###
.......)....#


You could see a steam dragon.

Vanquished Creatures
  Pikel (D:5)
  Sigmund (D:2)
  Eustachio (D:5)
  2 slaves (D:5)
  2 ogres
  3 centaurs
  A crocodile (D:9)
  2 scorpions
  A wight (D:5)
  3 crimson imps (D:6)
  A centaur zombie (D:6)
  6 orc priests
  A jelly (D:5)
  A centaur skeleton (D:4)
  Ijyb (D:5)
  An iguana (D:5)
  5 orc wizards
  6 worker ants
  A hound skeleton (D:4)
  A mummy (D:7)
  8 adders
  3 gnolls (D:7)
  3 shadow imps
  2 oozes (D:1)
  An adder skeleton (D:4)
  2 adder zombies (D:6)
  A worm (D:2)
  A dart slug (D:1)
  5 leopard geckos
  41 orcs
  2 ball pythons
  7 giant cockroaches
  6 goblins
  5 hobgoblins
  7 jackals
  6 quokkas
  A ball python zombie (D:5)
  8 bats
  3 frilled lizards
  2 hobgoblin zombies (D:7)
  2 jackal skeletons (D:4)
  13 kobolds
  A leopard gecko zombie (D:6)
  4 rats
175 creatures vanquished.

Vanquished Creatures (collateral kills)
  An ice beast (D:7)
1 creature vanquished.

Vanquished Creatures (others)
  A slave (D:5)
1 creature vanquished.

Grand Total: 177 creatures vanquished

Notes
Turn   | Place    | Note
-------+----------+-------------------------------------------
     0 | D:1      | snha the Mummy Venom Mage began the quest for the Orb.
     0 | D:1      | Reached XP level 1. HP: 13/13 MP: 4/4
    36 | D:1      | Upgraded the game from 0.23-a0-407-g92528d7 to
                  | 0.23-a0-419-g0174fd8
   506 | D:1      | Reached XP level 2. HP: 19/19 MP: 3/6
   513 | D:1      | Learned a level 2 spell: Poisonous Vapours
   953 | D:1      | Reached skill level 1 in Conjurations
  1242 | D:1      | Reached XP level 3. HP: 24/24 MP: 6/8
  1247 | D:1      | Learned a level 3 spell: Mephitic Cloud
  1724 | D:2      | Reached XP level 4. HP: 30/30 MP: 3/10
  1989 | D:2      | Found a hide-covered altar of Uskayaw.
  2277 | D:2      | Noticed Sigmund
  2285 | D:2      | Killed Sigmund
  2285 | D:2      | Reached XP level 5. HP: 35/35 MP: 4/11
  2631 | D:3      | Reached XP level 6. HP: 30/41 MP: 1/12
  2720 | D:3      | Learned a level 4 spell: Olgreb's Toxic Radiance
  2907 | D:3      | Found a glowing golden altar of the Shining One.
  3820 | D:3      | Found an ancient bone altar of Kikubaaqudgha.
  3827 | D:3      | Became a worshipper of Kikubaaqudgha
  4064 | D:4      | Found Falamul's Food Emporium.
  4124 | D:4      | Found Suiprima's Distillery.
  4158 | D:4      | Found an ornate altar of the Wu Jian Council.
  4815 | D:4      | Found Asuy's Antique Armour Shop.
  4963 | D:4      | Found Wisch's Antique Weapon Emporium.
  5055 | D:4      | Found Laesuol's Assorted Antiques.
  5061 | D:4      | Bought a shiny copper wand for 84 gold pieces
  5064 | D:4      | Found a runed gate.
  5064 | D:4      | Found a runed gate.
  5064 | D:4      | Found a runed gate.
  5068 | D:4      | Noticed Tef's ghost (weakling VSMo)
  5084 | D:4      | Reached XP level 7. HP: 41/46 MP: 9/13
  5173 | D:4      | Reached skill level 5 in Poison Magic
  5658 | D:4      | Reached * piety under Kikubaaqudgha
  5658 | D:4      | Identified Kikubaaqudgha's Disquisition on Evil
                  | (Kikubaaqudgha gifted it to you on level 4 of the Dungeon)
  5658 | D:4      | Received a gift from Kikubaaqudgha
  5662 | D:4      | Learned a level 1 spell: Animate Skeleton
  5671 | D:4      | Learned a level 3 spell: Vampiric Draining
  5754 | D:4      | Found a hazy altar of Hepliaklqana.
  5859 | D:5      | Entered Level 5 of the Dungeon
  6361 | D:5      | Reached skill level 5 in Conjurations
  6412 | D:5      | Noticed Ijyb
  6423 | D:5      | Killed Ijyb
  6538 | D:5      | Noticed Pikel
  6551 | D:5      | Killed Pikel
  6551 | D:5      | Reached XP level 8. HP: 52/52 MP: 0/14
  7072 | D:5      | Noticed Eustachio
  7098 | D:5      | Killed Eustachio
  7253 | D:5      | Found a basalt altar of Yredelemnul.
  7780 | D:6      | Found a glowing silver altar of Zin.
  7892 | D:6      | Got a pitted ring mail
  8601 | D:6      | Found a deep blue altar of Sif Muna.
  8747 | D:7      | Found a burning altar of Makhleb.
  8794 | D:7      | Reached XP level 9. HP: 34/57 MP: 9/15
  8966 | D:7      | Found a staircase to the Ecumenical Temple.
  8993 | Temple   | Entered the Ecumenical Temple
  9112 | Temple   | Learned a level 2 spell: Blink
  9237 | D:7      | Reached ** piety under Kikubaaqudgha
  9401 | D:7      | Found a sand-covered staircase.
 10091 | D:8      | Found Zuykinue's Jewellery Emporium.
 10152 | D:8      | You fall through a shaft!
 10391 | D:8      | Killed from afar by a steam dragon

Vault maps used:
D:1:      moated_graveyard_arrival
D:2:      lemuel_coloured_pillars_altar, uniq_sigmund
D:3:      kiku_gazebo_pond_becter, nicolae_overflow_crystal_walls
D:4:      gammafunk_temple_overflow_pools, serial_shops, kennysheep_mini_moat,
          kennysheep_little_box, nicolae_shop_crystal, nicolae_shop_stone,
          nicolae_shop_statue_plus, gammafunk_ghost_necromancy,
          kennysheep_small_circle
D:5:      kennysheep_mini, first_ration, uniq_pikel, uniq_ijyb, uniq_eustachio
D:6:      led_sif_pool, zin_treasury
D:7:      bloody_makhleb, minmay_temple_entry_nine_rooms,
          nicolae_ossuary_entry_giza
D:8:      erik_lair_dragon, serial_shops, shop
D:9:      grunt_temple_overflow_bloody_war, nicolae_gozag_seed_capital,
          old_standard_altar, erik_orc_4, grunt_ogre_cave, chequers_arboretum,
          uniq_erica
Temple:   compressed_dpeg_triangle_lava_temple

Skill      XL: |  1  2  3  4  5  6  7  8  9 |
---------------+----------------------------+-----
Spellcasting   | 3 4 |  4.0
Conjurations   | 1 3 4 5 6 7 |  7.2
Poison Magic   | 3 4 6 7 |  7.7
Dodging        | |  1.5
Stealth        | |  1.5

Action                   |  1- 3 |  4- 6 |  7- 9 || total
-------------------------+-------+-------+-------++-------
Melee: Dagger            |    11 |       |    10 ||    21
       Short sword       |    12 |    28 |    27 ||    67
       Trident           |     3 |    30 |       ||    33
       Whip              |       |       |   144 ||   144
 Cast: Sting             |     9 |       |     2 ||    11
       Poisonous Vapours |    28 |    54 |    70 ||   152
       Mephitic Cloud    |       |     2 |     5 ||     7
       Olgreb's Toxic Ra |       |     1 |     9 ||    10
       Animate Skeleton  |       |       |    23 ||    23
Invok: Receive Corpses   |       |       |     1 ||     1
Evoke: Wand              |       |       |    12 ||    12
  Use: Scroll            |       |       |    10 ||    10
 Stab: Sleeping          |       |     1 |     4 ||     5
       Confused          |       |       |     1 ||     1
       Paralysed         |       |       |     4 ||     4
Armor: Robe              |     3 |    26 |     5 ||    34
       Leather armour    |       |       |    63 ||    63
Dodge: Dodged            |    30 |    45 |   109 ||   184

Table legend:
 A = Non-vault XP
 B = Vault XP
 C = Vault XP percentage of total XP
 D = Non-vault monster count
 E = Vault monster count
 F = Vault count percentage of total count
                 A         B        C        D         E       F
            +---------+---------+-------+---------+---------+-------
      Total |    2372 |    1098 |  31.6 |     166 |       8 |   4.6
            +---------+---------+-------+---------+---------+-------
        D:1 |      58 |       0 |   0.0 |      28 |       0 |   0.0
        D:2 |      66 |     227 |  77.5 |      20 |       1 |   4.8
        D:3 |     151 |       0 |   0.0 |      26 |       0 |   0.0
        D:4 |     687 |      13 |   1.9 |      30 |       1 |   3.2
        D:5 |     292 |     838 |  74.2 |      15 |       3 |  16.7
        D:6 |     258 |       0 |   0.0 |      17 |       0 |   0.0
        D:7 |     673 |      20 |   2.9 |      25 |       3 |  10.7
        D:8 |       6 |       0 |   0.0 |       2 |       0 |   0.0
        D:9 |     181 |       0 |   0.0 |       3 |       0 |   0.0
            +---------+---------+-------+---------+---------+-------
